 Dungeon Crawl Stone Soup version 0.25-a0-713-g4845790 (webtiles) character file.

Game seed: 16547029872787902775, levelgen mode: deterministic

1318 BlueFish the Thaumaturge (level 8, -4/58 HPs)
             Began as a Mummy Wizard on Apr 6, 2020.
             Was an Initiate of Kikubaaqudgha.
             Slain by a gnoll sergeant
             ... wielding a +2 trident of freezing
              (10 damage)
             ... on level 6 of the Dungeon.
             The game lasted 00:22:08 (9869 turns).

BlueFish the Thaumaturge (Mummy Wizard)             Turns: 9869, Time: 00:22:09

Health: -4/58      AC:  7    Str: 11    XL:     8   Next: 33%
Magic:  5/20       EV: 13    Int: 19    God:    Kikubaaqudgha [......]
Gold:   245        SH:  0    Dex: 10    Spells: 10/23 levels left

rFire    x . .     SeeInvis .   f - +0 spear
rCold    + + .     Gourm    .   (no shield)
rNeg     + + +     Faith    .   o - +2 robe {rC+}
rPois    ∞         Spirit   .   i - +2 hat
rElec    .         Reflect  .   h - +0 cloak
rCorr    .         Harm     .   (no gloves)
MR       +....                  (no boots)
Stlth    ++........             (no amulet)
HPRegen  0.19/turn              (no ring)
MPRegen  0.17/turn              (no ring)

@: very slightly contaminated
A: no food or potions, fire vulnerability, cold resistance 1, negative energy
resistance 3, torment resistance, unbreathing
a: Renounce Religion


You were on level 6 of the Dungeon.
You worshipped Kikubaaqudgha.
Kikubaaqudgha was noncommittal.
You were not hungry.

You visited 2 branches of the dungeon, and saw 7 of its levels.

You collected 245 gold pieces.

Inventory:

Hand Weapons
 f - a +0 spear (weapon)
 g - a +2 dagger of venom
 j - a +1 dagger of venom
Armour
 h - a +0 cloak (worn)
 i - a +2 hat (worn)
 o - a +2 robe of cold resistance (worn)
Jewellery
 m - an uncursed ring of see invisible {unknown}
 p - an uncursed amulet of the gourmand {unknown}
Scrolls
 a - a scroll of noise {unknown}
 b - 3 scrolls of amnesia
 c - 4 scrolls of enchant armour
 d - 3 scrolls of blinking {unknown}
 e - 2 scrolls of teleportation
 k - 5 scrolls of remove curse {unknown}
 l - 2 scrolls of magic mapping {unknown}


   Skills:
 * Level 3.3 Fighting
 * Level 3.0 Polearms
 * Level 3.2 Dodging
 * Level 3.4 Stealth
 * Level 8.1 Spellcasting
 + Level 2.7 Conjurations
 + Level 1.0 Summonings
 + Level 0.7 Translocations
 + Level 0.9 Air Magic
 + Level 0.3 Poison Magic


You had 10 spell levels left.
You knew the following spells:

 Your Spells              Type           Power        Failure   Level  Hunger
a - Magic Dart            Conj           ###.         3%          1    N/A
b - Blink                 Tloc           N/A          10%         2    N/A
c - Call Imp              Summ           ##......     9%          2    N/A
d - Slow                  Hex            #.......     14%         2    N/A
e - Mephitic Cloud        Conj/Pois/Air  ##......     16%         3    N/A
f - Gell's Gravitas       Tloc           ##........   21%         3    N/A

Your spell library contained the following spells:

 Spells                   Type           Power        Failure   Level  Hunger
 Conjure Flame            Conj/Fire      ##......     16%         3    N/A
 Confusing Touch          Hex            #.......     26%         3    N/A
 Petrify                  Tmut/Erth      #.......     65%         4    N/A
 Metabolic Englaciation   Hex/Ice        #.........   94%         5    N/A
 Yara's Violent Unravell  Hex/Tmut       #.........   94%         5    N/A

Dungeon Overview and Level Annotations

Branches:
Dungeon (6/15)             Temple (1/1) D:6

Altars:
Ashenzari
Cheibriados
Dithmenos
Elyvilon
Fedhas
Gozag
Hepliaklqana
Kikubaaqudgha
Makhleb
Nemelex Xobeh
Okawaru
Qazlal
Ru
Sif Muna
Trog
Uskayaw
Vehumet
Wu Jian
Xom
Yredelemnul
Zin
The Shining One


Innate Abilities, Weirdness & Mutations

You do not eat or drink.
Your flesh is vulnerable to fire.
You are immune to poison.
Your flesh is cold resistant. (rC+)
You are immune to negative energy. (rN+++)
You are immune to unholy pain and torment.
You can survive without breathing.


Message History

You reach to attack!
You hit the gnoll sergeant but do no damage.
The gnoll sergeant is almost dead.
The gnoll hits your crimson imp with a +0 spear.
The gnoll sergeant hits you but does no damage.
Your crimson imp barely misses the gnoll.
Attack whom?
Press: ? - help, Dir - move target cursor, f/p - gnoll sergeant
Aim: a gnoll sergeant, wielding a +2 trident of freezing and wearing a +0 scale mail (almost dead)
You reach to attack!
You hit the gnoll sergeant but do no damage.
The gnoll sergeant is almost dead.
Your crimson imp hits the gnoll.
The gnoll closely misses your crimson imp.
Your crimson imp hits the gnoll.
The gnoll dies!
Kikubaaqudgha accepts your kill.
The gnoll sergeant hits you from afar with a +2 trident of freezing!
You die...
Kikubaaqudgha rasps: "You have failed me!
Welcome... oblivion!"

.............###########
..........5..##........# .
.........)...##........#..
.........###+##........#..
........5)#...#...........
.........5#...............
........†g.....#...##.....
#.)...#.........#.#..#....
#.....#..@...#..#....#....
#.....#.......##....#.....
#.... #..........>.....#..
##### #.......#....##.....
##.....#....#..#.... .
.......#..#.#....... .
........##...#...... .
....#.!........#.... ...
##.........[


You could see a gnoll sergeant and 2 friendly crimson imps.

Vanquished Creatures
  A sky beast (D:5)
  An ice beast (D:5)
  An ogre (D:5)
  2 centaurs (D:5)
  Blork the orc (D:4)
  A water moccasin skeleton (D:6)
  2 jellies (D:5)
  A crimson imp (D:5)
  2 quasits (D:5)
  2 orc priests
  A gnoll shaman (D:5)
  3 orc wizards
  6 worker ants
  A worker ant zombie (D:5)
  A gnoll (D:1)
  A howler monkey skeleton (D:4)
  8 adders
  An ooze (D:4)
  2 worms (D:5)
  6 leopard geckos
  10 orcs
  3 giant cockroaches
  10 goblins
  12 hobgoblins
  15 jackals
  10 kobolds
  4 quokkas
  2 ball pythons (D:5)
  A ball python skeleton (D:4)
  10 bats
  7 frilled lizards
  A jackal skeleton (D:4)
  A jackal zombie (D:5)
  11 rats
141 creatures vanquished.

Vanquished Creatures (collateral kills)
  An orc warrior (D:5)
  3 gnolls (D:6)
  A ball python (D:5)
5 creatures vanquished.

Grand Total: 146 creatures vanquished

Notes
Turn   | Place    | Note
-------+----------+-------------------------------------------
     0 | D:1      | BlueFish the Mummy Wizard began the quest for the Orb.
     0 | D:1      | Reached XP level 1. HP: 13/13 MP: 5/5
   168 | D:1      | Reached XP level 2. HP: 14/20 MP: 4/7
   320 | D:1      | HP: 1/20 [jackal (3)]
   912 | D:1      | Reached XP level 3. HP: 25/25 MP: 6/9
  1093 | D:1      | Reached skill level 5 in Spellcasting
  1433 | D:1      | Reached skill level 1 in Fighting
  2113 | D:2      | Reached skill level 1 in Conjurations
  2113 | D:2      | Reached XP level 4. HP: 9/32 MP: 0/11
  3719 | D:3      | Reached XP level 5. HP: 22/38 MP: 1/13
  4436 | D:4      | Reached skill level 6 in Spellcasting
  5144 | D:4      | Noticed Blork the orc
  5159 | D:3      | Learned a level 2 spell: Blink
  5162 | D:3      | Learned a level 2 spell: Call Imp
  5165 | D:3      | Learned a level 2 spell: Slow
  5169 | D:3      | Learned a level 3 spell: Mephitic Cloud
  5173 | D:3      | Learned a level 3 spell: Gell's Gravitas
  5259 | D:4      | Killed Blork the orc
  5259 | D:4      | Reached skill level 1 in Polearms
  5259 | D:4      | Reached XP level 6. HP: 23/44 MP: 7/15
  6050 | D:5      | Entered Level 5 of the Dungeon
  6465 | D:5      | Noticed an ice beast
  6502 | D:5      | Killed an ice beast
  6502 | D:5      | Reached XP level 7. HP: 18/51 MP: 11/17
  6901 | D:5      | Reached skill level 7 in Spellcasting
  7332 | D:5      | Found a stormy altar of Qazlal.
  8489 | D:6      | Reached XP level 8. HP: 43/58 MP: 6/19
  8880 | D:5      | Reached skill level 8 in Spellcasting
  9083 | D:5      | Reached skill level 1 in Summonings
  9627 | D:6      | Found a staircase to the Ecumenical Temple.
  9637 | Temple   | Entered the Ecumenical Temple
  9716 | Temple   | Became a worshipper of Kikubaaqudgha
  9869 | D:6      | Slain by a gnoll sergeant

Levels and vault maps discovered:
D:1:      saegor_arrival_simple_c, layout_basic, item_on_display_a
D:2:      layout_loops_ring
D:3:      layout_basic
D:4:      layout_loops_cross, first_ration, glass_columns_b,
          minmay_misc_feat_roman, corexii_shack, minmay_misc_feat_iff,
          uniq_blork_the_orc
D:5:      layout_basic, grunt_qazlal_sundering, serial_corexii_hall,
          corexii_hall_statues_s, chequers_hall_statues_y
D:6:      lemuel_ice_spiral_2, layout_basic, minmay_temple_entry_mini_moons,
          minmay_diced_spiral
Temple:   minmay_crystal_snake_temple

Skill      XL: |  1  2  3  4  5  6  7  8 |
---------------+-------------------------+-----
Spellcasting   | 5 6 7 8 |  8.1
Fighting       | 1 2 3 |  3.3
Stealth        | 2 3 |  3.4
Conjurations   | 1 2 |  2.7
Dodging        | 2 3 |  3.2
Polearms       | 1 2 3 |  3.0
Summonings     | 1 |  1.0
Translocations | |  0.7
Air Magic      | |  0.9
Poison Magic   | |  0.3

Action                   |  1- 3 |  4- 6 |  7- 9 || total
-------------------------+-------+-------+-------++-------
Melee: Unarmed           |     5 |       |       ||     5
       Whip              |    31 |       |       ||    31
       Spear             |    14 |   136 |   148 ||   298
 Cast: Magic Dart        |   103 |   187 |   126 ||   416
       Mephitic Cloud    |       |     6 |    12 ||    18
       Call Imp          |       |     3 |    15 ||    18
  Use: Scroll            |     2 |     1 |     1 ||     4
 Stab: Confused          |       |     6 |     4 ||    10
       Sleeping          |       |       |     1 ||     1
Armor: Robe              |    12 |    52 |    68 ||   132
Dodge: Dodged            |    66 |   104 |   136 ||   306

Table legend:
 A = Non-vault XP
 B = Vault XP
 C = Vault XP percentage of total XP
 D = Non-vault monster count
 E = Vault monster count
 F = Vault count percentage of total count
                 A         B        C        D         E       F
            +---------+---------+-------+---------+---------+-------
      Total |    1707 |     176 |   9.3 |     142 |       4 |   2.7
            +---------+---------+-------+---------+---------+-------
        D:1 |      65 |       0 |   0.0 |      33 |       0 |   0.0
        D:2 |     103 |       0 |   0.0 |      26 |       0 |   0.0
        D:3 |      81 |       0 |   0.0 |      28 |       0 |   0.0
        D:4 |     232 |      94 |  28.8 |      20 |       2 |   9.1
        D:5 |    1098 |      82 |   6.9 |      30 |       2 |   6.2
        D:6 |     128 |       0 |   0.0 |       5 |       0 |   0.0
            +---------+---------+-------+---------+---------+-------
